Map: New Repugnancy LE

Players

llllllllllll

  • Race: Zerg Zerg
  • League: Master
  • Spawn Location: 1:00

Replicant - Winner!

  • Race: Terran Terran
  • Spawn Location: 7:00

VOD

Have the link to the VOD?

Description

Time

  • Played on: July 29, 2019, 3:56 a.m.
  • Length: 25:42
Show
View Real Time Build Order
Export as new Build Order

llllllllllll Zerg 

Build Orders: Hatch First, Muta Ling Bane 

Get SALT Encoding   

  12  0:02  Drone  
  13  0:10  Drone  
  14  0:17  Overlord  
  14  0:35  Drone x3  
  17  0:46  Drone  
  18  0:57  Hatchery  
  18  0:59  Drone  
  18  1:09  Drone  
  19  1:16  Spawning Pool  
  18  1:18  Extractor  
  18  1:20  Drone  
  18  1:28  Drone  
  19  1:40  Drone  
  20  1:50  Overlord  
  20  2:02  Drone  
  20  2:08  Queen x2  
  21  2:10  Zergling x2  
  21  2:12  Zergling x2  
  27  2:19  Metabolic Boost  
  27  2:24  Extractor  
  27  2:25  Drone  
  27  2:29  Drone  
  28  2:32  Overlord  
  28  2:37  Drone  
  29  2:44  Drone  
  29  2:45  Overlord  
  29  2:46  Queen  
  32  3:00  Drone x2  
  34  3:09  Drone  
  34  3:10  Drone  
  34  3:11  Lair  
  36  3:16  Zergling x2  
  36  3:17  Zergling x2  
  37  3:21  Drone x2  
  37  3:22  Queen  
  37  3:23  Zergling x2  
  42  3:29  Drone  
  43  3:42  Drone x5  
  43  3:45  Extractor  
  43  3:46  Roach Warren  
  46  3:54  Zergling x2, Overlord x2  
  46  3:55  Drone  
  48  4:00  Drone x2  
  49  4:08  Overlord  
  49  4:09  Overlord  
  49  4:19  Extractor x2  
  49  4:20  Spire  
  49  4:22  Drone x3  
  49  4:32  Drone x5  
  54  4:39  Drone x3  
  54  4:41  Overlord  
  57  4:51  Drone  
  58  4:54  Drone x2  
  60  5:08  Hatchery  
  60  5:09  Overlord  
  59  5:30  Spore Crawler  
  59  5:32  Drone x2, Spore Crawler  
  59  5:36  Mutalisk x6  
  71  5:44  Drone x4  
  71  5:49  Evolution Chamber  
  74  5:50  Evolution Chamber  
  73  5:57  Drone x3  
  73  5:58  Drone  
  76  6:12  Drone x4  
  76  6:14  Queen x2  
  76  6:15  Spore Crawler  
  83  6:20  Drone x4  
  83  6:22  Glial Reconstitution  
  83  6:23  Zerg Missile Weapons Level 1, Zerg Ground Armor Level 1  
  83  6:25  Drone x2  
  89  6:34  Drone x3  
  89  6:35  Drone  
  89  6:36  Spore Crawler  
  89  6:38  Extractor  
  91  6:43  Overlord x3  
  91  6:51  Overlord x2  
  91  6:52  Overlord  
  91  6:57  Zerg Flyer Weapons Level 1, Drone x2  
  93  7:12  Roach x6  
  93  7:13  Roach x3  
  111  7:18  Overlord  
  111  7:22  Roach x5  
  121  7:28  Roach x3  
  127  7:34  Ravager x8  
  127  7:35  Ravager  
  136  7:41  Roach x5  
  136  7:42  Zergling x2  
  147  7:46  Ravager  
  147  7:47  Overlord  
  147  7:48  Overlord  
  147  7:54  Roach  
  147  7:55  Overlord, Roach x2  
  153  8:10  Hatchery  
  152  8:14  Overlord  
  152  8:15  Overlord  
  139  8:24  Queen x3  
  143  8:27  Corruptor x3  
  143  8:28  Corruptor  
  143  8:33  Overseer x2  
  146  8:43  Corruptor x2  
  146  8:46  Drone x7  
  146  8:47  Drone  
  157  9:00  Zerg Ground Armor Level 2, Zerg Missile Weapons Level 2  
  157  9:04  Drone  
  157  9:05  Infestation Pit, Drone x5  
  160  9:10  Baneling Nest  
  159  9:23  Drone x8  
  159  9:24  Drone  
  168  9:30  Zergling x2  
  168  9:31  Zergling x2  
  170  9:37  Spore Crawler  
  169  9:39  Extractor  
  168  9:54  Centrifical Hooks  
  168  9:55  Infestor x2  
  168  9:56  Infestor  
  168  9:57  Zergling x24  
  186  10:04  Hatchery  
  186  10:06  Hatchery  
  184  10:07  Extractor  
  184  10:09  Spore Crawler  
  182  10:18  Baneling x15  
  182  10:19  Hatchery  
  181  10:22  Overseer  
  181  10:27  Zergling x22  
  192  10:30  Hive  
  192  10:36  Pathogen Glands  
  192  10:48  Overlord  
  192  10:49  Zerg Flyer Weapons Level 2  
  192  10:55  Baneling x4  
  192  10:56  Baneling x6  
  185  11:00  Zergling x24  
  184  11:08  Zergling x4  
  184  11:09  Zergling x10  
  191  11:16  Zerg Melee Weapons Level 1  
  175  11:21  Zergling x16  
  175  11:22  Zergling x14  
  157  11:33  Zergling x18  
  145  11:40  Zergling x10  
  126  11:47  Zergling x14  
  126  11:48  Zergling x2  
  133  11:59  Baneling x15  
  133  12:02  Drone x3  
  136  12:09  Baneling x6  
  136  12:12  Ultralisk Cavern  
  136  12:15  Zergling x22  
  146  12:36  Infestor  
  146  12:37  Infestor x6  
  146  12:42  Baneling x6  
  146  12:43  Baneling x6  
  156  12:45  Zergling x4, Hatchery  
  156  12:46  Zergling x2  
  140  13:00  Zergling x2  
  140  13:01  Zergling x28  
  140  13:05  Zerg Flyer Armor Level 1  
  139  13:19  Zergling x28, Spawning Pool  
  152  13:33  Baneling x8  
  152  13:34  Baneling x4  
  152  13:36  Zergling x20  
  152  13:37  Zergling x2  
  163  13:44  Chitinous Plating  
  163  13:52  Pneumatized Carapace  
  153  13:56  Zergling x8, Ultralisk  
  162  14:07  Baneling x9  
  162  14:09  Drone x2  
  164  14:10  Spore Crawler  
  164  14:15  Baneling  
  163  14:18  Zergling x14  
  163  14:19  Zergling x8  
  174  14:37  Zergling x6  
  174  14:38  Zergling x34  
  186  14:52  Spine Crawler x2  
  183  14:53  Drone x9  
  183  14:57  Zergling x2  
  183  14:58  Zergling x8  
  197  15:03  Anabolic Synthesis  
  158  15:20  Ultralisk x2  
  158  15:21  Zergling x10, Ultralisk  
  158  15:33  Zergling x8  
  158  15:34  Zergling x20  
  149  15:46  Baneling x9  
  149  15:47  Ultralisk  
  149  15:48  Zergling x6  
  149  15:49  Zergling x2  
  156  15:54  Zergling x6  
  156  15:55  Zergling x2  
  154  16:11  Greater Spire  
  150  16:23  Corruptor x6  
  162  16:35  Baneling  
  162  16:36  Baneling x10  
  162  16:40  Zergling x16  
  170  16:52  Spore Crawler  
  169  16:54  Zergling x2  
  169  16:55  Zergling x2  
  169  16:57  Zergling x4  
  169  16:58  Zergling x16  
  180  17:02  Overseer x2  
  180  17:06  Zerg Melee Weapons Level 2  
  162  17:19  Ultralisk  
  162  17:20  Zergling x12  
  150  17:27  Zergling x12  
  150  17:28  Zergling x2  
  150  17:29  Zergling x2  
  150  17:30  Zergling x2  
  150  17:34  Baneling x6  
  151  17:49  Infestor x6  
  162  18:01  Zergling x16  
  162  18:02  Zergling x2  
  171  18:40  Overlord x3  
  169  18:43  Brood Lord x5  
  179  18:49  Hatchery, Spore Crawler  
  179  18:53  Baneling x9  
  179  18:54  Baneling x3  
  176  19:06  Zergling x18  
  143  19:41  Infestor x5  
  143  19:42  Zergling x24  
  143  19:43  Zergling x2  
  145  19:53  Zergling x2  
  145  19:54  Zergling x10  
  141  20:01  Extractor x2  
  141  20:03  Zergling x4  
  141  20:05  Extractor  
  141  20:06  Extractor  
  139  20:08  Drone x3  
  139  20:12  Baneling  
  139  20:13  Baneling x6  
  142  20:14  Zergling x12  
  148  20:33  Zergling x4  
  148  20:34  Zergling x24  
  162  20:48  Corruptor x3  
  168  20:52  Baneling  
  168  20:53  Baneling x5  
  168  20:59  Corruptor  
  168  21:01  Zergling x8  
  174  21:10  Zergling x22  
  174  21:11  Zergling x6  
  182  21:25  Corruptor x4  
  155  21:27  Zergling x2  
  159  21:45  Ultralisk  
  164  21:48  Baneling  
  164  21:49  Baneling x9  
  164  21:53  Zergling x2  
  164  21:54  Zergling x22  
  166  22:08  Spine Crawler  
  164  22:15  Zergling x6, Ultralisk x2  
  177  22:16  Zergling x2  
  173  22:36  Zergling x12, Ultralisk  
  173  22:37  Zergling x8  
  152  22:46  Corruptor x2  
  144  23:01  Infestor x2  
  144  23:02  Zergling x18  
  136  23:16  Corruptor x2  
  129  23:21  Zergling x16  
  136  23:27  Baneling  
  136  23:28  Baneling x10  
  136  23:35  Zergling x8  
  136  23:36  Zergling x2  
  136  23:37  Zergling x2  
  142  23:49  Ultralisk  
  142  23:50  Zergling x4  
  142  23:53  Zergling x4  
  142  24:04  Zergling x12  
  142  24:05  Zergling x2  
  132  24:11  Zergling x6  
  132  24:16  Zergling x2  
  132  24:17  Zergling x4  
  132  24:25  Overseer x4  
  132  24:33  Brood Lord  
  134  24:42  Infestor x3  
  140  24:48  Zergling x6  
  127  25:06  Drone  
  114  25:07  Drone x8  
  109  25:22  Zergling x8  
Show
View Real Time Build Order
Export as new Build Order

Replicant Terran - Winner!

Build Orders: Gas First Reaper Expand, Hellion Opening 

Get SALT Encoding   

  12  0:00  SCV  
  13  0:13  SCV  
  14  0:17  Supply Depot  
  14  0:25  SCV  
  14  0:27  Refinery  
  15  0:39  SCV  
  16  0:45  Barracks  
  16  0:51  SCV  
  17  1:03  SCV  
  18  1:15  SCV  
  19  1:32  Orbital Command, Reaper  
  20  1:45  Command Center  
  20  1:57  Factory  
  20  2:00  SCV  
  21  2:06  Barracks Reactor  
  21  2:12  SCV  
  22  2:16  Supply Depot  
  22  2:21  Refinery  
  22  2:24  SCV  
  23  2:38  SCV  
  24  2:44  Starport  
  24  2:49  Hellion  
  24  2:50  Hellion, SCV  
  29  2:53  Marine  
  30  3:02  Orbital Command  
  30  3:04  SCV  
  31  3:11  Marine  
  32  3:15  Hellion  
  36  3:20  Hellion  
  36  3:21  SCV  
  37  3:29  SCV  
  37  3:33  SCV  
  39  3:36  Fusion Core  
  39  3:44  SCV  
  39  3:46  SCV  
  40  3:54  Supply Depot  
  40  3:56  SCV  
  40  3:57  Supply Depot  
  40  3:58  Hellion, SCV  
  40  3:59  Hellion  
  46  4:05  Starport Tech Lab  
  46  4:15  SCV x2  
  48  4:27  SCV x2  
  48  4:29  Battlecruiser  
  56  4:38  Factory Tech Lab  
  56  4:39  SCV x2  
  56  4:44  Command Center, Supply Depot  
  58  4:47  Marine x2  
  58  4:52  SCV x2  
  58  4:59  Barracks  
  58  5:04  SCV x2  
  58  5:06  Factory Reactor  
  60  5:09  Barracks  
  60  5:14  Engineering Bay  
  60  5:16  Engineering Bay, SCV x2  
  60  5:17  Marine  
  60  5:18  Stimpack  
  63  5:24  Supply Depot  
  63  5:25  Refinery x2  
  63  5:28  SCV x2  
  65  5:32  Supply Depot  
  65  5:40  SCV x2  
  65  5:41  Marine  
  68  5:43  Terran Infantry Armor Level 1, Terran Infantry Weapons Level 1  
  68  5:47  Missile Turret, Supply Depot  
  68  5:49  Missile Turret  
  68  5:57  Orbital Command  
  68  5:58  SCV x2  
  68  6:03  Marine  
  68  6:04  Factory Reactor, Marine x2  
  72  6:05  Marine  
  72  6:06  Combat Shield  
  72  6:10  SCV x2  
  76  6:14  Supply Depot  
  76  6:20  Orbital Command  
  76  6:21  Marine x3  
  76  6:22  SCV x2  
  76  6:23  Marine  
  82  6:25  Medivac x2  
  86  6:34  SCV  
  86  6:35  Armory, SCV  
  86  6:36  Supply Depot  
  86  6:39  Marine x3  
  90  6:41  Marine  
  90  6:42  Widow Mine x2  
  90  6:44  Supply Depot  
  96  6:48  SCV x2  
  96  6:51  SCV  
  99  6:59  Missile Turret  
  99  7:00  SCV x2  
  101  7:01  Bunker  
  101  7:05  SCV  
  101  7:08  Medivac, Supply Depot x3  
  102  7:09  Medivac  
  102  7:12  Widow Mine x2  
  102  7:13  Marine x2  
  102  7:14  Marine x2  
  114  7:19  SCV x3  
  114  7:22  Concussive Shells  
  117  7:30  Barracks  
  117  7:31  Marine x2, SCV x3, Barracks  
  117  7:36  Marine  
  124  7:37  Supply Depot  
  124  7:39  Refinery  
  124  7:49  Marine x2  
  126  7:55  Marauder  
  126  7:56  SCV x3  
  128  8:02  Siege Tank  
  128  8:03  Marine x2  
  133  8:07  Marine  
  134  8:13  Command Center  
  123  8:23  Marine x3, Marauder  
  123  8:25  Marine  
  128  8:27  Barracks Reactor x2  
  126  8:34  Siege Tank  
  126  8:36  Medivac x2  
  126  8:38  Factory  
  133  8:43  Marine x4  
  133  8:45  Marauder  
  138  8:55  Barracks x2  
  138  8:59  Terran Infantry Weapons Level 2, Terran Infantry Armor Level 2  
  138  9:00  Marine x3  
  138  9:01  Terran Vehicle Weapons Level 1, Marine  
  138  9:02  Barracks  
  142  9:03  Marine x2  
  142  9:04  Marine x2  
  134  9:11  Refinery, Siege Tank  
  134  9:16  Marine  
  136  9:18  Marine x3, Supply Depot  
  136  9:21  Marine x5  
  144  9:25  Factory Tech Lab  
  144  9:34  Marauder  
  144  9:36  Marine x3  
  144  9:38  Marine, Medivac x2  
  151  9:39  Marine x2  
  155  9:55  Siege Tank  
  155  9:56  Siege Tank, Barracks Tech Lab x3  
  162  10:00  SCV x3  
  162  10:06  Marine x4, Marauder  
  170  10:11  Sensor Tower  
  170  10:12  Marine x2  
  170  10:13  Missile Turret  
  172  10:15  Missile Turret  
  172  10:18  Sensor Tower, Marine x2  
  172  10:19  Marine x2, Marauder  
  178  10:23  Planetary Fortress  
  178  10:28  Marauder  
  180  10:30  Marine x4  
  184  10:37  Marauder  
  184  10:39  Marauder  
  188  10:47  Marine x3, Siege Tank  
  188  10:48  Marauder  
  196  10:56  Marine  
  196  10:57  Marine x2  
  196  10:58  Marauder  
  193  11:07  Ghost Academy, Starport  
  193  11:08  Starport  
  174  11:21  Marine x2  
  174  11:22  Marauder x2, Marine x6  
  166  11:33  Marine, Marauder  
  166  11:34  Siege Tank  
  166  11:39  Marine x2, Siege Tank  
  161  11:40  Marine x6  
  161  11:43  Marauder  
  161  11:44  Marauder  
  159  11:51  Marauder  
  158  11:54  Starport Reactor, Marine, Starport Tech Lab  
  158  11:55  Personal Cloaking  
  158  11:57  Marine x6  
  158  11:58  Marine x2, Medivac x2  
  171  12:02  Terran Infantry Armor Level 3, Terran Infantry Weapons Level 3  
  171  12:04  Terran Vehicle And Ship Armor Level 1  
  171  12:15  Medivac  
  173  12:16  Marine x6, Marauder x2  
  173  12:17  Marauder x2  
  187  12:25  Refinery x2  
  187  12:26  Command Center  
  187  12:30  Marine x2  
  187  12:34  Marine x3  
  192  12:38  Marauder x2  
  196  12:52  Ghost  
  196  12:53  Marauder  
  168  12:58  Ghost x2  
  168  12:59  Marine x2  
  168  13:00  Marine x6  
  168  13:01  Siege Tank  
  144  13:14  Marauder  
  144  13:17  Marine x2  
  144  13:18  Marine x3  
  150  13:24  Siege Tank  
  150  13:27  Advanced Ballistics  
  155  13:28  Marauder x2  
  155  13:29  Marine  
  155  13:31  Drilling Claws  
  155  13:33  Siege Tank  
  161  13:47  Marine  
  161  13:48  Marauder  
  164  13:52  Command Center  
  158  13:56  Siege Tank  
  158  14:01  Marine x2  
  159  14:03  Terran Vehicle And Ship Armor Level 2  
  159  14:04  Marine x4  
  159  14:05  Marine x2, Siege Tank, Marauder x2  
  172  14:11  Planetary Fortress  
  172  14:19  Liberator x3  
  172  14:20  Liberator x2  
  172  14:21  Missile Turret  
  172  14:28  Missile Turret  
  172  14:29  Widow Mine  
  174  14:38  Widow Mine  
  177  14:46  Marine x5, Marauder  
  177  14:47  Marine x4, Marauder x2  
  177  14:50  Siege Tank  
  191  15:02  Liberator x2  
  191  15:04  Marine  
  161  15:19  Marine x4, Marauder  
  161  15:20  Marine  
  143  15:23  Marine x4, Marauder x2  
  143  15:24  Siege Tank x2  
  138  15:37  Marine x4  
  138  15:39  Marine  
  138  15:41  Marine, Marauder x2  
  142  15:45  Medivac  
  142  15:46  Medivac x2  
  142  15:47  Marine x3, Marauder  
  153  15:54  Marine  
  153  15:56  Refinery, Siege Tank x2  
  160  15:57  Refinery  
  137  16:11  Medivac x2  
  145  16:13  Ghost x2  
  145  16:14  Marine x3, Ghost x2  
  160  16:28  Widow Mine  
  160  16:29  Widow Mine, Medivac x2  
  165  16:34  SCV  
  165  16:35  Marine, SCV x3  
  165  16:36  Marine  
  171  16:40  Terran Vehicle And Ship Armor Level 3  
  171  16:43  Marauder x2  
  171  16:44  Liberator x2  
  171  16:47  Planetary Fortress  
  175  16:50  Marine x2, Widow Mine x2, Marauder  
  183  17:02  Marine  
  183  17:03  Marauder  
  133  17:23  Marine  
  133  17:24  Marauder  
  133  17:29  Medivac x2  
  123  17:34  Marine  
  123  17:35  Marine, Marauder x2  
  129  17:38  Marine x2, Medivac  
  129  17:39  Marine x2, Marauder  
  129  17:42  Widow Mine x2  
  140  17:44  Medivac  
  140  17:45  Marauder  
  140  17:50  Refinery  
  140  17:51  Refinery  
  142  17:56  Marauder  
  144  18:02  Marine x2, Command Center, Medivac  
  144  18:03  Marine x2, Marauder x2  
  154  18:06  Marine  
  154  18:07  Marauder  
  154  18:10  Marine x3  
  160  18:18  Marauder, Missile Turret x2  
  162  18:20  Marine  
  162  18:23  Ghost  
  165  18:31  Marine x4  
  165  18:32  Marine x2, Marauder  
  173  18:42  Liberator x3  
  173  18:43  Marine, Liberator x2  
  173  18:44  Marauder  
  190  19:05  Nuke  
  190  19:06  Barracks  
  190  19:07  Barracks  
  190  19:09  Barracks  
  190  19:11  Barracks  
  157  19:32  Marine x4  
  157  19:33  Marauder x2  
  157  19:38  Marine x2, Marauder x2  
  164  19:42  Viking x4  
  151  19:58  Marine x6  
  151  19:59  Marauder, Viking  
  155  20:08  Marine x2, Marauder  
  155  20:10  Barracks Tech Lab  
  155  20:11  Barracks Tech Lab x3  
  155  20:12  Barracks Reactor, Viking x2  
  155  20:13  Barracks Reactor  
  163  20:27  Widow Mine x2  
  163  20:28  Viking x2, Ghost x2  
  175  20:37  Missile Turret  
  175  20:40  Missile Turret  
  175  20:50  Widow Mine x2  
  179  21:11  Widow Mine  
  177  21:20  Marine x4  
  177  21:21  Marine x2, Marauder x3  
  177  21:22  Widow Mine  
  177  21:25  Marine x2, Marauder, Medivac x2  
  155  21:33  Widow Mine  
  155  21:34  Marine x2  
  155  21:35  Marauder  
  155  21:37  Planetary Fortress  
  155  21:38  Marine x4, Marauder  
  163  21:43  Widow Mine  
  163  21:45  Ghost x3  
  163  21:46  Marine, Ghost  
  175  21:54  Widow Mine  
  173  22:01  Ghost x2  
  173  22:04  Widow Mine  
  177  22:13  Ghost  
  181  22:16  Widow Mine  
  181  22:18  Marine x8, Marauder  
  181  22:19  Marine x2  
  191  22:26  Widow Mine  
  191  22:34  Marine x5  
  191  22:35  Marauder  
  161  22:38  Marine x4  
  161  22:40  Marauder  
  145  22:44  Marine  
  145  22:45  Marine x2, Marauder  
  145  22:46  Marine x3  
  145  22:49  Viking x2  
  150  22:52  Marine x2, Marauder  
  150  22:53  Marauder x2  
  150  22:55  Marine  
  150  22:56  Marine x4  
  163  23:01  Marauder  
  157  23:11  Marine x6, Marauder  
  157  23:12  Marine x2, Medivac x2  
  162  23:14  Marauder x2  
  162  23:19  Marine x2, Marauder  
  163  23:22  Medivac x3  
  163  23:23  Marine x2, Marauder  
  172  23:29  Command Center  
  172  23:42  Widow Mine x2, Medivac x2  
  180  23:53  Medivac x3  
  180  23:54  Marine x4, Marauder x2  
  158  24:12  Marine x6, Marauder  
  158  24:13  Marauder  
  158  24:14  Marine x4, Medivac x2  
  158  24:15  Marine x2  
  158  24:16  Widow Mine x2  
  170  24:21  Nuke  
  170  24:22  Liberator x3  
  170  24:26  Liberator  
  170  24:35  Ghost  
  170  24:36  Ghost x5  
  184  24:47  Marine  
  184  24:49  Marine x2  
  184  24:50  Viking  
  183  25:02  Marine x2  
  183  25:05  Marine x2, Marauder x4  
  183  25:08  Marine x2  
  183  25:09  Marauder  
  183  25:11  Marine, Marauder  
Tags
 
Add a new tag
Caveats
  • Supply blocks, unpowered buildings, or Contaminate may cause inaccurate times.
  • Supply counts are checked every 10 seconds.